 Dungeon Crawl Stone Soup version 0.19-a0-1792-g28b16ba (webtiles) character file.

80 Amnesiac the Magician (level 4, -1/30 HPs)
             Began as a Mummy Wizard on Oct 5, 2016.
             Slain by Rationalist's ghost (14 damage)
             ... on level 4 of the Dungeon.
             The game lasted 00:06:03 (1914 turns).

Amnesiac the Magician (Mummy Wizard)                Turns: 1914, Time: 00:06:04

Health: -1/30      AC:  2    Str: 10    XL:     4   Next: 18%
Magic:  3/10       EV: 12    Int: 17    God:
Gold:   38         SH:  0    Dex: 11    Spells: 5 memorised, 0 levels left

rFire  x . .     SeeInvis .     e - +0 short sword
rCold  + . .     Gourm    .     a - +0 robe
rNeg   + + +     Faith    .     (no shield)
rPois  ∞         Spirit   .     b - +0 hat
rElec  .         Dismiss  .     (no cloak)
rCorr  .         Reflect  .     (no gloves)
MR     .....     Harm     .     (no boots)
Stlth  ++........               (no amulet)
                                (no ring)
                                (no ring)

@: no status effects
A: no food or potions, fire vulnerability, cold resistance 1, negative energy
resistance 3, torment resistance, unbreathing
a: no special abilities


You were on level 4 of the Dungeon.
You were not hungry.

You visited 1 branch of the dungeon, and saw 4 of its levels.

You collected 38 gold pieces.

Inventory:

Hand Weapons
 e - a +0 short sword (weapon)
Armour
 a - a +0 robe (worn)
 b - a +0 hat (worn)
Scrolls
 d - a scroll of fear {unknown}
 f - a scroll of blinking {unknown}
Books
 c - a book of Minor Magic

   Spells                             Type                      Level
   a - Magic Dart                     Conjuration                  1
   b - Blink                          Translocation                2
   c - Call Imp                       Summoning                    2
   d - Repel Missiles                 Charms/Air                   2
   e - Slow                           Hexes                        2
   f - Conjure Flame                  Conjuration/Fire             3
   g - Mephitic Cloud                 Conjuration/Poison/Air       3


   Skills:
 - Level 1.5 Dodging
 - Level 1.5 Stealth
 + Level 4.2 Spellcasting
 - Level 2.0 Conjurations
 - Level 0.7 Summonings
 - Level 0.7 Translocations


You couldn't memorise any spells.
You knew the following spells:

 Your Spells              Type           Power        Failure   Level  Hunger
b - Blink                 Tloc           N/A          21%         2    N/A
d - Call Imp              Summ           #.......     21%         2    N/A
e - Mephitic Cloud        Conj/Pois/Air  #.......     38%         3    N/A
f - Magic Dart            Conj           ##..         10%         1    N/A
s - Conjure Flame         Conj/Fire      #.......     30%         3    N/A

Dungeon Overview and Level Annotations

Branches:
Dungeon (4/15)
 Temple: D:4-7

Altars:

Annotations:
D:3 exclusion: ice beast
D:4 exclusions: 4 gnolls and goblin, Rationalist's ghost, amateur MiGl


Innate Abilities, Weirdness & Mutations

You do not eat or drink.
Your flesh is vulnerable to fire.
You are immune to poison.
Your flesh is cold resistant. (rC+)
You are immune to negative energy. (rN+++)
You are immune to unholy pain and torment.
You can survive without breathing.


Message History

Your crimson imp disappears in a puff of smoke!
There is a stone staircase leading down here.
Casting: Conjure Flame
Confirm with . or Enter, or press ? or * to list all spells.
Aiming: Conjure Flame
Press: ? - help, Dir - move target cursor You miscast Conjure Flame.
You have a brief vision of globes of primordial fire.
Rationalist's ghost barely misses you.
Found 10 gold pieces.
An iguana comes into view.
You see here 10 gold pieces.
Your magical contamination has completely faded away.
Found 13 gold pieces.
Found a scroll labeled KEOPAC FIENEEB.
Casting: Conjure Flame
Confirm with . or Enter, or press ? or * to list all spells.
A beastly little devil appears in a puff of frigid air.
Rationalist's ghost hits you!
You die...

#.#.### #..# .#.
#.g...# ##.# ...
##$##.# #.# ##..#
#.# ...###.######
#.... #.#
#..........###....
#.#
#####.####...#....
####g#### #..
###(.....
#.....g.########.##
###.(..
#........lW@.......
.....
#.......####5$.....
...## #########
?...... #####
....... #######


You could see a gnoll sergeant, an iguana, Rationalist's ghost, a goblin and a
friendly white imp.

Vanquished Creatures
  An adder (D:2)
  A dart slug (D:2)
  An orc (D:2)
  A ball python (D:3)
  A goblin (D:2)
  2 hobgoblins
  3 kobolds
  3 rats
13 creatures vanquished.

Vanquished Creatures (collateral kills)
  A howler monkey (D:4)
  A worker ant (D:3)
  2 gnolls (D:4)
  2 adders (D:3)
  A worm (D:2)
  A leopard gecko (D:4)
  A goblin (D:4)
  A hobgoblin (D:3)
  A quokka (D:3)
11 creatures vanquished.

Grand Total: 24 creatures vanquished

Notes
Turn   | Place    | Note
-------+----------+-------------------------------------------
     0 | D:1      | Amnesiac the Mummy Wizard began the quest for the Orb.
     0 | D:1      | Reached XP level 1. HP: 13/13 MP: 4/4
    52 | D:1      | You fall through a shaft!
    64 | D:2      | Reached skill level 1 in Conjurations
   124 | D:2      | Reached XP level 2. HP: 19/19 MP: 0/6
   128 | D:2      | Learned a level 2 spell: Call Imp
   463 | D:3      | Noticed an ice beast
   499 | D:3      | Reached XP level 3. HP: 4/24 MP: 0/7
   504 | D:3      | Learned a level 3 spell: Mephitic Cloud
  1117 | D:2      | Learned a level 3 spell: Conjure Flame
  1521 | D:4      | Noticed Rationalist's ghost (amateur MiGl)
  1804 | D:4      | Noticed a gnoll sergeant
  1819 | D:4      | Reached skill level 4 in Spellcasting
  1819 | D:4      | Reached XP level 4. HP: 23/30 MP: 5/10
  1823 | D:4      | Learned a level 2 spell: Blink
  1914 | D:4      | Slain by Rationalist's ghost

Vault maps used:
D:1:      onia_arrival_pentagram
D:2:      ecumenical_altar_2, corexii_hall_statues_i, minivault_27,
          minmay_misc_feat_encased
D:4:      uniq_robin

Skill      XL: |  1  2  3 |
---------------+----------+-----
Conjurations   | 1 2 |  2.0
Spellcasting   | 4 |  4.2
Dodging        | |  1.5
Stealth        | |  1.5
Summonings     | |  0.7
Translocations | |  0.7

Action                   |  1- 3 |  4- 6 || total
-------------------------+-------+-------++-------
Melee: Unarmed           |    18 |       ||    18
       Short sword       |     3 |       ||     3
 Cast: Magic Dart        |    31 |       ||    31
       Call Imp          |    20 |     4 ||    24
 Stab: Distracted        |     1 |       ||     1
Armor: Robe              |     6 |       ||     6
Dodge: Dodged            |    27 |     7 ||    34
